 Dungeon Crawl Stone Soup version 0.26-a0-1191-ge2a0e31ab3 (webtiles) character file.

Game seed: 4735343432666838587

126 DuloT34 the Sneak (level 5, -1/43 HPs)
             Began as a Gnoll Wanderer on Dec 28, 2020.
             Was a Follower of Dithmenos.
             Slain by an orc priest
             ... wielding a +0 dagger
              (4 damage)
             ... on level 3 of the Dungeon.
             The game lasted 00:08:06 (2368 turns).

DuloT34 the Sneak (Gnoll Wanderer)                  Turns: 2368, Time: 00:08:07

Health: -1/43      AC:  5    Str: 16    XL:     5   Next: 9%
Magic:  7/7        EV: 13    Int: 18    God:    Dithmenos [*.....]
Gold:   103        SH:  0    Dex: 16    Spells: 6/6 levels left

rFire    . . .     SeeInvis .   a - +3 spear
rCold    . . .     Faith    .   (no shield)
rNeg     . . .     Spirit   .   n - +0 leather armour
rPois    .         Reflect  .   (no helmet)
rElec    .         Harm     .   (no cloak)
rCorr    .         Rampage  .   m - +0 pair of gloves
Will     .....                  k - +0 pair of boots
Stlth    ++++......             (no amulet)
HPRegen  0.14/turn              f - +6 ring of intelligence
MPRegen  0.10/turn              (no ring)

@: wreathed by umbra
A: distributed training, fangs 1, strong nose
a: Renounce Religion


You were on level 3 of the Dungeon.
You worshipped Dithmenos.
Dithmenos was aware of your devotion.
You visited 1 branch of the dungeon, and saw 3 of its levels.

You collected 103 gold pieces.

Inventory:

Hand Weapons
 a - a +3 spear (weapon)
 e - a +0 dagger
Armour
 d - a +0 robe
 k - a +0 pair of boots (worn)
 m - a +0 pair of gloves (worn)
 n - a +0 leather armour (worn)
Jewellery
 f - a +6 ring of intelligence (left hand)
Scrolls
 b - 2 scrolls of teleportation
 i - 4 scrolls of amnesia
 j - a scroll of identify
 l - a scroll of remove curse {unknown}
 o - a scroll of blinking {unknown}
 p - a scroll of noise {unknown}
 r - a scroll of fear {unknown}
Potions
 c - a potion of curing
 g - a potion of might {unknown}
 h - a potion of magic {unknown}
 q - a potion of heal wounds {unknown}


   Skills:
 + Level 4.7 Fighting
 + Level 1.3 Short Blades
 + Level 1.3 Long Blades
 + Level 1.3 Axes
 + Level 1.3 Maces & Flails
 + Level 4.7 Polearms
 + Level 1.3 Staves
 + Level 1.3 Slings
 + Level 1.3 Bows
 + Level 1.3 Crossbows
 + Level 2.9 Throwing
 + Level 1.3 Armour
 + Level 2.9 Dodging
 + Level 7.9 Stealth
 + Level 1.3 Shields
 + Level 1.3 Unarmed Combat
 + Level 1.3 Spellcasting
 + Level 1.1 Conjurations
 + Level 1.1 Hexes
 + Level 1.1 Summonings
 + Level 1.1 Necromancy
 + Level 1.1 Translocations
 + Level 1.1 Transmutations
 + Level 1.1 Fire Magic
 + Level 1.1 Ice Magic
 + Level 1.1 Air Magic
 + Level 1.1 Earth Magic
 + Level 1.1 Poison Magic
 + Level 1.5 Invocations
 + Level 1.3 Evocations


You had 6 spell levels left.
You didn't know any spells.
Your spell library was empty.

Dungeon Overview and Level Annotations

Branches:
Dungeon (3/15)

Altars:
Dithmenos


Innate Abilities, Weirdness & Mutations

Your experience applies equally to all skills.
You have very sharp teeth.
Your uncanny sense of smell can sniff out nearby items.


Message History

The orc priest hits you but does no damage.
You completely miss the orc priest.
The orc priest is almost dead.
Something hits you but does no damage. The orc priest closely misses you.
You're too confused to move!
Something hits you but does no damage.
The orc priest hits you but does no damage.
A magic dart appears from out of thin air!
The magic dart hits you!
* * * LOW HITPOINT WARNING * * *
Something hits you but does no damage.
The orc priest hits you but does no damage.
You bump into the rock wall.
You feel less confused.
You hear some strange, mumbled words.
A puff of flame appears from out of thin air!
The puff of flame hits you!
* * * LOW HITPOINT WARNING * * *
The orc priest closely misses you.
The orc priest hits you with a +0 dagger.
You die...

#<# #.###†# # #.#
#....## .# #.# #####
#####)## .# #.# ##...##
#..#..# #.#
#.....#######.....##
#.###...................
.#.........######.....#.
#.####...#.# #...^.#
##@##.# ###.#.# #.o{#..
.#.# #.).#### ## .∆
#.....))...# .
#..#..(.....#
..........#
#.#.###....## # #.
#....# # ##.#.#


You could see an orc priest.

Vanquished Creatures
  Natasha (D:3)
  2 adders (D:2)
  2 oozes
  A worm (D:2)
  A dart slug (D:1)
  3 leopard geckos
  4 orcs (D:3)
  9 bats
  4 giant cockroaches
  4 goblins
  4 hobgoblins
  10 jackals
  6 kobolds
  3 quokkas
  A ball python (D:2)
  2 frilled lizards
  A rat (D:2)
58 creatures vanquished.

Vanquished Creatures (others)
  6 withered plants (D:3)
6 creatures vanquished.

Grand Total: 64 creatures vanquished

Notes
Turn   | Place    | Note
-------+----------+-------------------------------------------
     0 | D:1      | DuloT34 the Gnoll Wanderer began the quest for the Orb.
     0 | D:1      | DuloT34 set off with the following items: a +2 spear, a
                  | scroll of teleportation, a potion of curing, a +0 robe, a
                  | +0 dagger
     0 | D:1      | Reached XP level 1. HP: 20/20 MP: 1/1
   109 | D:1      | Reached XP level 2. HP: 20/26 MP: 2/2
   544 | D:1      | Reached XP level 3. HP: 26/31 MP: 3/3
   783 | D:1      | Upgraded the game from 0.26-a0-1184-g95e395e029 to
                  | 0.26-a0-1191-ge2a0e31ab3
   826 | D:1      | Reached skill level 1 in Invocations
  1449 | D:2      | Reached skill level 1 in Short Blades
  1449 | D:2      | Reached skill level 1 in Long Blades
  1449 | D:2      | Reached skill level 1 in Axes
  1449 | D:2      | Reached skill level 1 in Maces & Flails
  1449 | D:2      | Reached skill level 1 in Staves
  1449 | D:2      | Reached skill level 1 in Slings
  1449 | D:2      | Reached skill level 1 in Bows
  1449 | D:2      | Reached skill level 1 in Crossbows
  1449 | D:2      | Reached skill level 1 in Armour
  1449 | D:2      | Reached skill level 1 in Shields
  1449 | D:2      | Reached skill level 1 in Unarmed Combat
  1449 | D:2      | Reached skill level 1 in Spellcasting
  1449 | D:2      | Reached skill level 1 in Evocations
  1525 | D:2      | Found a faded altar of an unknown god.
  1565 | D:2      | Became a worshipper of Dithmenos the Shadowed
  1565 | D:2      | Reached * piety under Dithmenos
  1679 | D:2      | Reached XP level 4. HP: 36/38 MP: 5/5
  2222 | D:3      | Reached skill level 1 in Conjurations
  2222 | D:3      | Reached skill level 1 in Hexes
  2222 | D:3      | Reached skill level 1 in Summonings
  2222 | D:3      | Reached skill level 1 in Necromancy
  2222 | D:3      | Reached skill level 1 in Translocations
  2222 | D:3      | Reached skill level 1 in Transmutations
  2222 | D:3      | Reached skill level 1 in Fire Magic
  2222 | D:3      | Reached skill level 1 in Ice Magic
  2222 | D:3      | Reached skill level 1 in Air Magic
  2222 | D:3      | Reached skill level 1 in Earth Magic
  2222 | D:3      | Reached skill level 1 in Poison Magic
  2244 | D:3      | Noticed Natasha
  2250 | D:3      | Killed Natasha
  2256 | D:3      | Reached XP level 5. HP: 33/43 MP: 6/6
  2368 | D:3      | Slain by an orc priest

Illustrated notes

Levels and vault maps discovered:
D:1:      lightli_arrival_farm, layout_loops_corners
D:2:      layout_loops_corners, chequers_ecumenical_altar_grove
D:3:      layout_loops_ring, kiku_gazebo_garden_becter,
          chequers_temple_overflow_statue_of_worship, uniq_natasha, uniq_grinder

Skill      XL: |  1  2  3  4 |
---------------+-------------+-----
Invocations    | 1 |  1.5
Short Blades   | 1 |  1.3
Long Blades    | 1 |  1.3
Axes           | 1 |  1.3
Maces & Flails | 1 |  1.3
Staves         | 1 |  1.3
Slings         | 1 |  1.3
Bows           | 1 |  1.3
Crossbows      | 1 |  1.3
Armour         | 1 |  1.3
Shields        | 1 |  1.3
Unarmed Combat | 1 |  1.3
Spellcasting   | 1 |  1.3
Evocations     | 1 |  1.3
Conjurations   | 1 |  1.1
Hexes          | 1 |  1.1
Summonings     | 1 |  1.1
Necromancy     | 1 |  1.1
Translocations | 1 |  1.1
Transmutations | 1 |  1.1
Fire Magic     | 1 |  1.1
Ice Magic      | 1 |  1.1
Air Magic      | 1 |  1.1
Earth Magic    | 1 |  1.1
Poison Magic   | 1 |  1.1
Fighting       | |  4.7
Polearms       | |  4.7
Throwing       | |  2.9
Dodging        | |  2.9
Stealth        | |  7.9

Action                   |  1- 3 |  4- 6 || total
-------------------------+-------+-------++-------
Melee: Spear             |    93 |    65 ||   158
       Bite              |     7 |     9 ||    16
  Use: Scroll            |     4 |       ||     4
 Stab: Sleeping          |    16 |    10 ||    26
       Distracted        |     1 |       ||     1
Armor: Robe              |     4 |       ||     4
       Leather armour    |     4 |    15 ||    19
Dodge: Dodged            |    38 |    27 ||    65

Table legend: (Time is in decaauts)
 A = Elapsed time spent in this place.
 B = Non-inter-level travel time spent in this place.
 C = Inter-level travel time spent in this place.
 D = Time resting spent in this place.
 E = Time spent auto-exploring this place.
 F = Levels seen in this place.
 G = Mean time per level.
                   A        B        C        D        E       F      G
               +--------+--------+--------+--------+--------+-----+--------+
         Total |   2366 |   2219 |    147 |      0 |   1786 |   3 |  788.7 |
       Dungeon |   2366 |   2219 |    147 |      0 |   1786 |   3 |  788.7 |
               +--------+--------+--------+--------+--------+-----+--------+

Top non-repeatable levels by time:
     D:1: 1300 daAuts
     D:2: 902 daAuts
     D:3: 164 daAuts
